 Dungeon Crawl Stone Soup version 0.29-a0-284-gf9362112df (webtiles) character file.

Game seed: 11434962375030647129

1602 epen the Archer (level 8, -5/64 HPs)
             Began as a Gnoll Hunter on Mar 15, 2022.
             Was a Follower of Cheibriados.
             Slain by a vampire mosquito (8 damage)
             ... on level 6 of the Dungeon.
             The game lasted 00:06:59 (4779 turns).

epen the Archer (Gnoll Hunter)                      Turns: 4779, Time: 00:06:59

Health: -5/64      AC:  8    Str: 14    XL:     8   Next: 94%
Magic:  13/13      EV: 14    Int: 11    God:    Cheibriados [*.....]
Gold:   322        SH:  0    Dex: 21    Spells: 14/14 levels left

rFire   + . .      SeeInvis +   a - +1 shortbow
rCold   . . .      Faith    .   (shield currently unavailable)
rNeg    . . .      Spirit   .   A - +0 ring mail
rPois   .          Reflect  .   (no helmet)
rElec   .          Harm     .   l - +0 cloak
rCorr   .          Rampage  .   (no gloves)
Will    .....                   z - +0 pair of boots
Stlth   ++........              (no amulet)
HPRegen 0.20/turn               g - ring of see invisible
MPRegen 0.13/turn               y - ring of protection from fire

@: mighty, brilliant, very slow
A: fangs 1, strong nose, distributed training
a: Renounce Religion, Bend Time


You were on level 6 of the Dungeon.
You worshipped Cheibriados.
Cheibriados was aware of your devotion.
You visited 2 branches of the dungeon, and saw 7 of its levels.

You collected 322 gold pieces.

Inventory:

Hand Weapons
 a - a +1 shortbow (weapon)
 j - a +2 dagger of venom
 k - a +3 quarterstaff of chaos
 o - a +0 hunting sling
Missiles
 u - a throwing net
Armour
 b - a +0 leather armour
 l - a +0 cloak (worn)
 z - a +0 pair of boots (worn)
 A - a +0 ring mail (worn)
Jewellery
 e - a ring of resist corrosion
 g - a ring of see invisible (left hand)
 y - a ring of protection from fire (right hand)
Wands
 s - a wand of iceblast (6)
Scrolls
 c - 2 scrolls of immolation
 d - 4 scrolls of identify {unknown}
 f - 3 scrolls of fog {unknown}
 i - 2 scrolls of enchant armour {unknown}
 n - a scroll of magic mapping {unknown}
 t - 2 scrolls of noise {unknown}
 v - 2 scrolls of enchant weapon {unknown}
 w - a scroll of teleportation {unknown}
Potions
 h - a potion of brilliance
 q - 2 potions of lignification {unknown}
 r - 5 potions of mutation {unknown}
 x - a potion of haste {unknown}


   Skills:
 + Level 6.0 Fighting
 + Level 3.7 Short Blades
 + Level 3.7 Long Blades
 + Level 3.7 Axes
 + Level 3.7 Maces & Flails
 + Level 3.7 Polearms
 + Level 3.7 Staves
 + Level 3.7 Slings
 + Level 9.3 Bows
 + Level 3.7 Crossbows
 + Level 3.7 Throwing
 + Level 3.7 Armour
 + Level 6.0 Dodging
 + Level 4.4 Stealth
 + Level 3.7 Shields
 + Level 3.7 Unarmed Combat
 + Level 3.7 Spellcasting
 + Level 3.0 Conjurations
 + Level 3.0 Hexes
 + Level 3.0 Summonings
 + Level 3.0 Necromancy
 + Level 3.0 Translocations
 + Level 3.0 Transmutations
 + Level 3.0 Fire Magic
 + Level 3.0 Ice Magic
 + Level 3.0 Air Magic
 + Level 3.0 Earth Magic
 + Level 3.0 Poison Magic
 + Level 4.1 Invocations
 + Level 3.7 Evocations


You had 14 spell levels left.
You didn't know any spells.
Your spell library was empty.

Dungeon Overview and Level Annotations

Branches:
Dungeon (6/15)             Temple (1/1) D:4

Altars:
Ashenzari
Cheibriados
Dithmenos
Elyvilon
Gozag
Hepliaklqana
Kikubaaqudgha
Makhleb
Okawaru
Qazlal
Ru
Sif Muna
Trog
Uskayaw
Vehumet
Xom
The Shining One

Shops:
D:4 *


Innate Abilities, Weirdness & Mutations

You have very sharp teeth.
Your uncanny sense of smell can sniff out nearby items.
Your experience applies equally to all skills.


Message History

It was a potion of might.
You feel very mighty all of a sudden. The vampire mosquito barely misses you.
The vampire mosquito misses you.
Shoot: a) +1 shortbow
Press: ? - help, Shift-Dir - straight line, f/p - vampire mosquito
Aim: a vampire mosquito (moderately damaged, 56% to hit)
You shoot an arrow. The arrow hits the vampire mosquito!
The vampire mosquito is heavily damaged.
The vampire mosquito bites you but does no damage.
The vampire mosquito bites you.
* * * LOW HITPOINT WARNING * * *
The vampire mosquito draws strength from your injuries!
Shoot: a) +1 shortbow
Press: ? - help, Shift-Dir - straight line, f/p - vampire mosquito
Aim: a vampire mosquito (heavily damaged, 56% to hit)
You shoot an arrow.
The arrow closely misses the vampire mosquito.
The vampire mosquito bites you.
* * * LOW HITPOINT WARNING * * *
The vampire mosquito draws strength from your injuries!
The vampire mosquito misses you.
You are too injured to fight recklessly!
You are too injured to fight recklessly!
Shoot: a) +1 shortbow
Press: ? - help, Shift-Dir - straight line, f/p - vampire mosquito
Aim: a vampire mosquito (heavily damaged, 56% to hit)
You shoot an arrow.
The arrow closely misses the vampire mosquito.
The vampire mosquito closely misses you.
The vampire mosquito bites you.
* * * LOW HITPOINT WARNING * * *
The vampire mosquito draws strength from your injuries!
Shoot: a) +1 shortbow
Press: ? - help, Shift-Dir - straight line, f/p - vampire mosquito
Aim: a vampire mosquito (moderately damaged, 56% to hit)
You shoot an arrow.
The arrow closely misses the vampire mosquito.
The vampire mosquito closely misses you. x2
The vampire mosquito bites you!
You die...

#.................
#.................
###...####...####+
# #...# #...### ..
#.... #.....# ∆
... #.... #.....#
.... #.... #.....#
..... #.
#.....#......
#...#@y.....#
#...#########
#..... #.....
#.... ###


You could see a vampire mosquito.

Vanquished Creatures
  Sigmund (D:4)
  2 vampire mosquitoes (D:6)
  A sky beast (D:6)
  An ice beast (D:5)
  A black bear (D:5)
  An ogre (D:6)
  A phantom (D:6)
  2 scorpions
  4 jellies
  An orc priest (D:5)
  Crazy Yiuf (D:2)
  3 hounds
  4 iguanas
  3 orc wizards
  4 gnolls (D:5)
  4 adders
  A white imp (D:6)
  An ufetubus (D:4)
  2 worms
  2 dart slugs
  15 orcs
  8 endoplasms
  7 giant cockroaches
  8 goblins
  5 hobgoblins
  10 jackals
  2 quokkas (D:4)
  6 ball pythons
  6 bats
  A frilled lizard (D:1)
  8 kobolds
  7 rats
123 creatures vanquished.

Notes
Turn   | Place    | Note
-------+----------+-------------------------------------------
     0 | D:1      | epen the Gnoll Hunter began the quest for the Orb.
     0 | D:1      | Reached XP level 1. HP: 20/20 MP: 1/1
    84 | D:1      | Reached XP level 2. HP: 26/26 MP: 2/2
   473 | D:1      | Reached XP level 3. HP: 31/31 MP: 3/3
   700 | D:1      | Reached skill level 1 in Invocations
   927 | D:2      | Reached skill level 1 in Short Blades
   927 | D:2      | Reached skill level 1 in Long Blades
   927 | D:2      | Reached skill level 1 in Axes
   927 | D:2      | Reached skill level 1 in Maces & Flails
   927 | D:2      | Reached skill level 1 in Polearms
   927 | D:2      | Reached skill level 1 in Staves
   927 | D:2      | Reached skill level 1 in Slings
   927 | D:2      | Reached skill level 1 in Crossbows
   927 | D:2      | Reached skill level 1 in Throwing
   927 | D:2      | Reached skill level 1 in Armour
   927 | D:2      | Reached skill level 1 in Shields
   927 | D:2      | Reached skill level 1 in Unarmed Combat
   927 | D:2      | Reached skill level 1 in Spellcasting
   927 | D:2      | Reached skill level 1 in Evocations
  1105 | D:2      | Reached XP level 4. HP: 38/38 MP: 5/5
  1262 | D:2      | Found a runed translucent door.
  1263 | D:2      | Noticed Crazy Yiuf
  1523 | D:2      | Reached skill level 1 in Conjurations
  1523 | D:2      | Reached skill level 1 in Hexes
  1523 | D:2      | Reached skill level 1 in Summonings
  1523 | D:2      | Reached skill level 1 in Necromancy
  1523 | D:2      | Reached skill level 1 in Translocations
  1523 | D:2      | Reached skill level 1 in Transmutations
  1523 | D:2      | Reached skill level 1 in Fire Magic
  1523 | D:2      | Reached skill level 1 in Ice Magic
  1523 | D:2      | Reached skill level 1 in Air Magic
  1523 | D:2      | Reached skill level 1 in Earth Magic
  1523 | D:2      | Reached skill level 1 in Poison Magic
  1648 | D:2      | Killed Crazy Yiuf
  1649 | D:2      | Reached XP level 5. HP: 34/43 MP: 6/6
  2291 | D:4      | Noticed Sigmund
  2296 | D:4      | Killed Sigmund
  2297 | D:4      | Reached skill level 5 in Fighting
  2297 | D:4      | Reached skill level 5 in Dodging
  2297 | D:4      | Reached XP level 6. HP: 51/51 MP: 8/8
  2563 | D:4      | Found Fohuziw's Elemental Accessories.
  2667 | D:4      | Found a staircase to the Ecumenical Temple.
  2753 | D:4      | Found a burning altar of Makhleb.
  2811 | Temple   | Entered the Ecumenical Temple
  3007 | Temple   | Became a worshipper of Cheibriados the Contemplative
  3129 | D:5      | Entered Level 5 of the Dungeon
  3200 | D:5      | Reached XP level 7. HP: 53/56 MP: 10/10
  3502 | D:5      | Reached skill level 9 in Bows
  3743 | D:5      | Reached * piety under Cheibriados
  3744 | D:5      | Reached XP level 8. HP: 63/63 MP: 12/12
  4778 | D:6      | HP: 2/64 [vampire mosquito (5)]
  4779 | D:6      | Slain by a vampire mosquito

Illustrated notes

Levels and vault maps discovered:
D:1:      psy_arrival_basics, layout_loops_corners, glass_columns_a,
          hangedman_decor_points
D:2:      layout_loops_ring, uniq_crazy_yiuf_cottage
D:3:      layout_rooms
D:4:      layout_gridville, kennysheep_little_box,
          minmay_temple_entry_enclosed_plants, nicolae_elemental_shop,
          minivault_11, uniq_sigmund
D:5:      layout_basic, st_stairs_6
D:6:      layout_gridville, zin_statuary
Temple:   regret_index_temple_sphere_string

Skill      XL: |  1  2  3  4  5  6  7  8 |
---------------+-------------------------+-----
Invocations    | 1 2 3 4 |  4.1
Short Blades   | 1 2 3 |  3.7
Long Blades    | 1 2 3 |  3.7
Axes           | 1 2 3 |  3.7
Maces & Flails | 1 2 3 |  3.7
Polearms       | 1 2 3 |  3.7
Staves         | 1 2 3 |  3.7
Slings         | 1 2 3 |  3.7
Crossbows      | 1 2 3 |  3.7
Throwing       | 1 2 3 |  3.7
Armour         | 1 2 3 |  3.7
Shields        | 1 2 3 |  3.7
Unarmed Combat | 1 2 3 |  3.7
Spellcasting   | 1 2 3 |  3.7
Evocations     | 1 2 3 |  3.7
Conjurations   | 1 2 3 |  3.0
Hexes          | 1 2 3 |  3.0
Summonings     | 1 2 3 |  3.0
Necromancy     | 1 2 3 |  3.0
Translocations | 1 2 3 |  3.0
Transmutations | 1 2 3 |  3.0
Fire Magic     | 1 2 3 |  3.0
Ice Magic      | 1 2 3 |  3.0
Air Magic      | 1 2 3 |  3.0
Earth Magic    | 1 2 3 |  3.0
Poison Magic   | 1 2 3 |  3.0
Fighting       | 5 6 |  6.0
Dodging        | 5 6 |  6.0
Stealth        | 3 4 |  4.4
Bows           | 9 |  9.3

Action                   |  1- 3 |  4- 6 |  7- 9 || total
-------------------------+-------+-------+-------++-------
Melee: Dagger            |       |     8 |       ||     8
       Bite              |       |     1 |       ||     1
 Fire: Shortbow          |    96 |   113 |   162 ||   371
       Hunting sling     |       |    15 |       ||    15
  Use: Potion            |       |       |     4 ||     4
Armor: Leather armour    |     6 |     8 |    12 ||    26
       Ring mail         |       |       |    11 ||    11
Dodge: Dodged            |    14 |    31 |    53 ||    98

Table legend: (Time is in decaauts)
 A = Elapsed time spent in this place.
 B = Non-inter-level travel time spent in this place.
 C = Inter-level travel time spent in this place.
 D = Time resting spent in this place.
 E = Time spent auto-exploring this place.
 F = Levels seen in this place.
 G = Mean time per level.
                   A        B        C        D        E       F      G
               +--------+--------+--------+--------+--------+-----+--------+
         Total |   5073 |   4879 |    194 |      0 |   4078 |   7 |  724.7 |
       Dungeon |   4840 |   4681 |    159 |      0 |   3945 |   6 |  806.7 |
        Temple |    232 |    198 |     34 |      0 |    133 |   1 |  232.0 |
               +--------+--------+--------+--------+--------+-----+--------+

Top non-repeatable levels by time:
     D:5: 1090 daAuts
     D:1: 887 daAuts
     D:2: 862 daAuts
     D:6: 794 daAuts
     D:4: 790 daAuts
     D:3: 414 daAuts
  Temple: 232 daAuts
